Cogmind - Beta 15 @@@ ROGUE MODE // 2025.06.08 @ 22:23:11 Player: Tenderz Result: Destroyed by H-77 Assassin with Coil Gun Performance ------------- Evolutions (6) 3000 Regions Visited (25) 5000 Robots Destroyed (257) 1285 Value Destroyed (9704) 9704 Prototype IDs (40) 800 Alien Tech Used (0) 0 Bonus (1056) 1056 TOTAL SCORE: 20845 Bonus ------- High Alert Combat Kills 684 Follower Combat Kills 2372 Entered Garrisons 200 Met Data Miner 300 Acquired ECA 300 Built Enhanced Grunts 300 Friendly Fire -3100 Cogmind --------- Core Integrity 0/1150 Matter 300/300 Energy 29/100 System Corruption 14% Temperature Cool (0) Movement Walking (190) Ox1 Location -4/Upper Caves Parts ------- > --- POWER (1) -------- (None) > --- PROPULSION (6) --- Myomer Leg Gyrokinetic Inverter > --- UTILITY (9) ------ Improved Heat Sink Large Storage Unit Advanced Melee Analysis Suite Advanced Melee Analysis Suite Improved Armor Integrity Analyzer Improved Armor Integrity Analyzer Improved Hacking Suite Advanced Hacking Suite Improved System Shield > --- WEAPON (3) ------- Quantum Rifle Makeshift Hammer Makeshift Axe > --- INVENTORY (15) --- Nanoactuators Improved Actuator Array Improved Transmission Jammer Advanced Reaction Control System EM Shield Improved Hacking Suite Improved System Shield Mobile Refinery Mk. CCLXVII Peak State ------------ > --- POWER ------------ Micro Antimatter Reactor > --- PROPULSION ------- Gravmag Array Improved Antigrav System Improved Linear Gravjet Antigrav Array > --- UTILITY ---------- Large Storage Unit Advanced Signal Interpreter Advanced Melee Analysis Suite Improved Transmission Jammer Centrium Medium Armor Plating Improved Hacking Suite Improved Hacking Suite Advanced Hacking Suite Improved System Shield > --- WEAPON ----------- Advanced Plasma Cannon Phasing Sabre Enhanced Force Lance > --- INVENTORY -------- Gravmag Array Gyrokinetic Inverter Improved Terrain Scanner Advanced Melee Analysis Suite Nanoactuators Improved Actuator Array Advanced Reaction Control System Centrium Medium Armor Plating Medium Regenerative Plating Improved Hacking Suite Improved System Shield Mobile Refinery Mk. CCLXVII Long-range Missile Launcher Great Axe [Rating: 123] Favorites ----------- Power Cooled Ion Engine Engine Cooled Ion Engine Power Core Nuclear Core Reactor Micro Antimatter Reactor Propulsion Light Treads Treads Light Treads Leg Flexi-carbon Leg Hover Unit Improved Gravmag System Flight Unit Makeshift Flight Unit Utility Large Storage Unit Device Seismic Detector Storage Large Storage Unit Processor Advanced Melee Analysis Suite Hackware Improved Hacking Suite Protection Centrium Medium Armor Plating Weapon Great Axe Energy Gun Heavy EM Shotgun Energy Cannon Advanced Plasma Cannon Ballistic Gun Gauss Rifle Ballistic Cannon Improved Light Cannon Launcher Mini Grenade Launcher Special Weapon Mining Laser Impact Weapon Great Maul Slashing Weapon Great Axe Piercing Weapon Enhanced Force Lance Build | -11 -10 -10 -9 -9 -9 -8 -7 -7 -7 -7 -6 -6 -6 -6 -6 -6 -6 -5 -5 -5 -5 -5 -4 -4 -4 ------- Run | Yrd Mat Min Mat Sto Gar Mat Fac Low Low Dat Pro Fac Was Fac Low Low Zio Pro Fac Ext Cet Arc Fac Upp Upp Slots Evolved 12 | . . . 2 . . 2 2 . . . . 2 . . . . . . 2 . . . 2 . . Power . | . . . . . . . . . . . . . . . . . . . . . . . . . . Propulsion 4 | . . . . . . 1 1 . . . . . . . . . . . 1 . . . 1 . . Utility 7 | . . . 1 . . 1 1 . . . . 2 . . . . . . 1 . . . 1 . . Weapon 1 | . . . 1 . . . . . . . . . . . . . . . . . . . . . . Parts Attached 268 | 8 11 4 7 24 11 13 8 9 8 . . 31 1 12 . 1 1 4 22 32 10 14 12 6 19 Power 25 | 1 1 2 . 3 . . . . 1 . . 1 . 1 . 1 . 1 2 4 1 1 1 2 2 Engine 12 | 1 . 1 . 3 . . . . . . . 1 . 1 . . . 1 . 3 . . . 1 . Core 10 | . 1 1 . . . . . . 1 . . . . . . 1 . . 2 1 . . 1 1 1 Reactor 3 | . . . . . . . . . . . . . . . . . . . . . 1 1 . . 1 Propulsion 89 | 2 . 1 2 5 4 6 2 . 2 . . 12 1 1 . . . . 8 19 1 8 6 2 7 Treads 36 | 2 . 1 2 5 4 5 2 . 2 . . . . . . . . . . 8 1 3 . . 1 Leg 19 | . . . . . . . . . . . . 5 . . . . . . . 11 . . . . 3 Wheel . | . . . . . . . . . . . . . . . . . . . . . . . . . . Hover 31 | . . . . . . . . . . . . 7 . 1 . . . . 8 . . 5 6 2 2 Flight 3 | . . . . . . 1 . . . . . . 1 . . . . . . . . . . . 1 Utility 87 | 2 5 . 3 6 2 4 3 4 3 . . 15 . 7 . . 1 1 7 5 5 4 4 1 5 Device 26 | 1 2 . 1 1 . . . 4 . . . 3 . 4 . . 1 . 3 1 1 1 1 . 2 Storage 8 | 1 1 . . . . 1 . . . . . 2 . 1 . . . . . . . 1 1 . . Processor 21 | . 1 . 1 1 . 2 2 . . . . 5 . 1 . . . . 1 2 . 1 . 1 3 Hackware 11 | . . . . 1 . . 1 . . . . 3 . . . . . . 3 . . 1 2 . . Protection 21 | . 1 . 1 3 2 1 . . 3 . . 2 . 1 . . . 1 . 2 4 . . . . Artifact . | . . . . . . . . . . . . . . . . . . . . . . . . . . Weapon 67 | 3 5 1 2 10 5 3 3 5 2 . . 3 . 3 . . . 2 5 4 3 1 1 1 5 Energy Gun 20 | . 4 . 2 1 1 1 2 . . . . 2 . . . . . . . . 3 1 . 1 2 Energy Cannon 9 | . . . . 2 . . 1 1 1 . . 1 . 1 . . . . 2 . . . . . . Ballistic Gun 14 | 3 . 1 . 4 3 1 . . . . . . . . . . . 1 1 . . . . . . Ballistic Cannon 1 | . . . . 1 . . . . . . . . . . . . . . . . . . . . . Launcher 6 | . . . . 1 . . . 3 . . . . . . . . . . . 2 . . . . . Special Weapon 2 | . 1 . . 1 . . . . . . . . . . . . . . . . . . . . . Impact Weapon 3 | . . . . . . . . . 1 . . . . 1 . . . . . . . . . . 1 Slashing Weapon 11 | . . . . . 1 1 . 1 . . . . . 1 . . . 1 2 2 . . . . 2 Piercing Weapon 1 | . . . . . . . . . . . . . . . . . . . . . . . 1 . . Special Melee Weapon . | . . . . . . . . . . . . . . . . . . . . . . . . . . Unidentified Prototypes 18 | . . . 1 4 . 1 1 1 . . . 1 1 1 . . 1 . 1 . 3 2 . . . Corrupted Parts 9 | . 1 . . . . . . . 1 . . 1 . 1 . . . . . . 1 1 . 1 2 System Corruption 41 | . 4 . . . . . . . 5 . . 14 . 10 . . . . . . 2 2 . 1 3 Parts Lost 75 | . 4 3 1 3 . . . . 6 . . 3 1 . . . . 2 10 7 2 . 8 7 18 Power 13 | . . 1 . 2 . . . . 1 . . . . . . . . 1 1 1 . . 2 . 4 Propulsion 26 | . . 1 1 . . . . . 1 . . 1 . . . . . . 5 3 . . 4 1 9 Utility 18 | . . . . 1 . . . . 1 . . 2 1 . . . . . 2 3 2 . 1 2 3 Weapon 18 | . 4 1 . . . . . . 3 . . . . . . . . 1 2 . . . 1 4 2 Highest Loss Streak 9 | . 2 3 1 1 . . . . 5 . . 1 1 . . . . 2 6 3 2 . 5 5 9 To Critical Strikes 1 | . . . . . . . . . . . . . . . . . . . . . . . . 1 . Average Backups 13 | 2 10 14 14 14 14 14 19 19 19 20 20 10 9 9 9 8 10 13 14 14 14 14 13 11 9 Power . | 1 1 . . . . . 1 1 . 1 1 . . . . . . . . . . . . . . Propulsion 1 | . . 1 1 2 2 1 2 2 1 1 1 1 2 1 1 1 1 1 2 3 2 . . 1 1 Utility 7 | . 4 8 8 6 7 7 8 7 10 12 12 5 4 4 5 5 5 7 7 6 5 6 10 9 7 Weapon 4 | 1 2 3 4 5 5 5 7 8 6 6 5 3 3 3 3 2 3 4 4 5 6 5 2 . . Tool/Special . | . . . . . . . . . . . . . . . . . . . . . . . . . . Unused Backups 49 | 1 2 . 6 7 . . 1 2 1 . . 12 2 3 . . . . 2 3 1 . 2 . 4 Power 4 | 1 1 . . . . . . . . . . 2 . . . . . . . . . . . . . Propulsion 9 | . 1 . 2 2 . . . . . . . 1 . . . . . . . 2 . . 1 . . Utility 18 | . . . 1 . . . 1 1 1 . . 7 . . . . . . 1 1 . . 1 . 4 Weapon 18 | . . . 3 5 . . . 1 . . . 2 2 3 . . . . 1 . 1 . . . . Tool/Special . | . . . . . . . . . . . . . . . . . . . . . . . . . . Average Slot Usage (%) 94 | . 100 99 99 99 99 99 98 99 97 100 100 97 96 93 86 86 86 86 90 99 94 92 85 70 73 Engine 5 | . 8 4 11 10 11 9 7 7 3 . . 5 6 6 6 2 . 2 1 4 . . . 1 . Core 1 | . 5 9 . . . . . . 3 7 7 . . . . 3 6 3 3 . . . . 1 3 Treads 15 | . 28 27 22 22 22 27 30 30 29 30 30 4 . . . . . . . 14 20 15 . . . Leg 1 | . . . . . . . . . . . . 9 . . . . . . . 10 3 . . . . Hover 7 | . . . . . . . . . . . . 10 25 24 20 20 20 20 23 2 . 5 16 13 12 Device 8 | . 13 6 8 6 5 5 4 16 15 15 15 11 2 6 11 11 13 11 10 4 2 5 8 2 4 Storage 7 | . 14 14 11 11 11 9 7 7 7 7 7 4 6 6 6 6 6 6 5 5 5 5 5 5 3 Processor 11 | . . . 3 5 11 17 21 10 3 . . 15 20 14 13 13 13 13 10 17 17 16 10 10 20 Hackware 7 | . . . . . . . 1 . . . . 7 13 13 13 13 13 13 16 13 5 5 20 21 16 Protection 4 | . . 7 10 9 5 3 . 2 10 15 15 4 . 3 1 . . 1 1 3 13 11 1 6 . Energy Gun 2 | . 4 . 7 2 4 . 5 14 3 . . 1 . . . . . . . . 5 7 . . 2 Energy Cannon 1 | . . . . 3 1 . . 1 3 . . 4 6 3 4 . . . 3 . . . 4 . . Ballistic Gun 8 | . 23 28 24 24 21 23 11 . . . . 1 . . . . . . . . . . . . . Impact Weapon 1 | . . . . . . . . . 3 7 7 4 6 4 1 6 6 6 . . . . . . . Slashing Weapon 5 | . . . . . 4 3 5 4 7 15 14 6 6 6 6 6 6 5 7 15 11 8 7 3 5 Peak Build Rating 123 | 9 11 13 18 22 27 36 45 52 53 46 46 66 63 75 75 75 76 76 94 93 112 112 123 99 101 Average Rating 55 | 6 8 11 14 19 23 30 42 45 46 46 45 58 60 69 73 73 73 74 85 81 103 105 113 80 75 On Entrance 53 | . 6 11 9 18 21 24 35 44 47 46 46 45 62 60 74 72 73 75 75 81 82 112 104 89 86 Naked Turns . | . . . . . . . . . . . . . . . . . . . . . . . . . . Heaviest Build 87 | 13 32 32 39 42 43 67 63 70 84 77 79 87 35 44 37 33 41 39 60 68 76 73 57 54 46 Greatest Support 170 | 40 40 40 43 43 46 63 82 82 83 83 83 83 40 40 40 40 40 40 55 128 170 170 68 54 54 Greatest Overweight (x) 2 | 1 . . . 1 . 1 . . 1 . . 2 . 1 . . 1 . 1 1 . 2 2 2 2 Average Overweight (x) . | . . . . . . . . . . . . . . . . . . . . . . . . . . Largest Inventory Capacity 20 | 8 15 15 15 15 15 20 20 20 20 20 20 20 10 15 10 10 15 15 15 15 15 15 15 15 15 Average Capacity 15 | 7 14 15 15 15 15 15 20 20 20 20 20 11 10 10 10 10 12 15 15 15 15 15 15 15 12 Most Carried 20 | 6 15 15 15 15 15 17 20 20 20 20 20 20 10 10 10 10 14 15 15 15 15 15 15 15 15 Average Carried 14 | 2 10 14 14 14 14 14 19 19 19 20 19 10 9 9 10 9 11 13 14 14 14 14 14 12 10 Final Capacity 20 | 8 15 15 15 15 15 20 20 20 20 20 20 10 10 10 10 10 15 15 15 15 15 15 15 15 15 Final Carried 20 | 6 15 13 15 15 15 17 20 20 20 20 20 10 10 10 10 10 14 15 15 15 15 15 15 11 8 Class Distribution -------------------- 26% | Hacker-Gladiator 22% | Mutant 8% | Scavenger-Mutant 8% | Gunner 6% | Scavenger-Gladiator 5% | Hacker-Scout 4% | Tank 3% | Hacker-Mutant 3% | Scavenger-Tank Dominant Class ---------------- Mutant | -10/Materials Mutant | -10/Mines Tank | -9/Materials Gunner | -9/Storage Mutant | -9/Garrison Gunner | -8/Materials Mutant | -7/Factory Mutant | -7/Lower Caves Mutant | -7/Lower Caves Scavenger-Mutant | -7/Data Miner Scavenger-Mutant | -6/Proximity Caves Gladiator | -6/Factory Hacker-Gladiator | -6/Waste Hacker-Gladiator | -6/Factory Hacker-Gladiator | -6/Lower Caves Hacker-Gladiator | -6/Lower Caves Hacker-Gladiator | -6/Zion Hacker-Gladiator | -5/Proximity Caves Hacker-Gladiator | -5/Factory Hacker-Gladiator | -5/Extension Scavenger-Gladiator | -5/Cetus Scavenger-Gladiator | -5/Archives Hacker-Scout | -4/Factory Hacker-Mutant | -4/Upper Caves Hacker-Mutant | -4/Upper Caves Resources | -11 -10 -10 -9 -9 -9 -8 -7 -7 -7 -7 -6 -6 -6 -6 -6 -6 -6 -5 -5 -5 -5 -5 -4 -4 -4 ----------- Run | Yrd Mat Min Mat Sto Gar Mat Fac Low Low Dat Pro Fac Was Fac Low Low Zio Pro Fac Ext Cet Arc Fac Upp Upp Matter Collected 8768 | 316 533 358 450 951 557 448 375 241 673 . 51 440 116 280 53 155 25 376 313 806 234 254 219 309 235 Remotely . | . . . . . . . . . . . . . . . . . . . . . . . . . . Salvage Created 11308 | 117 631 291 634 1686 993 573 196 381 570 . 46 1086 104 266 64 99 . 279 509 1355 168 381 176 19 684 Parts 544 | 9 52 8 38 91 53 35 14 15 20 . 3 37 3 14 3 7 . 17 24 52 10 23 5 . 11 Haulers Intercepted 13 | . 1 . 2 6 . 1 . 1 . . . . . 1 . . . . . 1 . . . . . Recyclers Shooed 8 | . . . 2 1 . . . . . . . 4 . . . . . . . . . . 1 . . Parts Field Recycled . | . . . . . . . . . . . . . . . . . . . . . . . . . . Retrieved Matter . | . . . . . . . . . . . . . . . . . . . . . . . . . . Parts Self-Destructed 43 | . . . . . . . . 10 11 . 3 . . . . 4 . 9 . . . . . 2 4 Prevented 13 | . . . . . . . . 3 4 . . . . . . 2 . 3 . . . . . . 1 Kills | -11 -10 -10 -9 -9 -9 -8 -7 -7 -7 -7 -6 -6 -6 -6 -6 -6 -6 -5 -5 -5 -5 -5 -4 -4 -4 ------- Run | Yrd Mat Min Mat Sto Gar Mat Fac Low Low Dat Pro Fac Was Fac Low Low Zio Pro Fac Ext Cet Arc Fac Upp Upp Combat Hostiles Destroyed 185 | . 12 6 11 30 21 12 4 13 11 . 1 13 . 5 1 3 . 14 6 14 2 1 1 1 3 Melee 43 | . . . . . 5 . 1 . 3 . 1 9 . 2 1 3 . 1 5 6 2 . 1 1 2 Guns 78 | . 12 6 11 19 14 12 . 1 . . . . . . . . . . 1 . . 1 . . 1 Cannons 5 | . . . . 5 . . . . . . . . . . . . . . . . . . . . . AOE 53 | . . . . 6 2 . 3 12 7 . . . . 3 . . . 12 . 8 . . . . . Classes Destroyed 20 | 2 7 . 2 1 3 1 1 . 1 . . . . . 1 . . . . 1 . . . . . Worker 4 | . 2 . . . . . . . . . . . . 1 . . . . 1 . . . . . . Builder 8 | . . . . . . 1 . . . . . 2 . 1 . . . . 1 3 . . . . . Tunneler 5 | 2 1 . . . . . 1 . . . . . . . . . . . 1 . . . . . . Hauler 13 | . 1 . 2 6 . 1 . 1 . . . . . 1 . . . . . 1 . . . . . Recycler 15 | 1 . . 1 2 . 1 . . . . . 4 . . . . . . 1 4 . . 1 . . Minesweeper 1 | . . . . . . . . . 1 . . . . . . . . . . . . . . . . Mechanic 1 | . 1 . . . . . . . . . . . . . . . . . . . . . . . . Operator 13 | . 2 . 1 . . . . . . . . 1 . . . . . . . . . 9 . . . Watcher 6 | . 1 . 2 1 . 1 . . . . . 1 . . . . . . . . . . . . . Swarmer 56 | . 3 . 3 4 7 7 . 5 5 . . 7 . 3 . 2 . 9 1 . . . . . . Grunt 71 | . 9 6 6 17 6 3 1 7 3 . . . . 1 . . . 3 . 7 1 . 1 . . Brawler 2 | . . . . . 1 . . . 1 . . . . . . . . . . . . . . . . Duelist 1 | . . . 1 . . . . . . . . . . . . . . . . . . . . . . Protector 1 | . . . . 1 . . . . . . . . . . . . . . . . . . . . . Sentry 28 | . . . 1 8 5 2 1 1 2 . . 3 . . . . . . 1 3 . 1 . . . Specialist 1 | . . . . . 1 . . . . . . . . . . . . . . . . . . . . Hunter 10 | . . . . . . . 1 . . . . 1 . . . . . 2 . 3 . . . 1 2 Programmer 14 | . . . . . 2 . 1 . 1 . 1 2 . 1 . 1 . . 4 . . . . . 1 Behemoth 1 | . . . . . . . . . . . . . . . . . . . . 1 . . . . . Cetus Guard 1 | . . . . . . . . . . . . . . . . . . . . . 1 . . . . Packrat 3 | . . . . . . . . . 2 . . . . . . . . . . . . . . . 1 Wasp 1 | . . . . . . . . . . . . . 1 . . . . . . . . . . . . Thug 1 | . . . . 1 . . . . . . . . . . . . . . . . . . . . . Butcher 1 | . . . . . . . . . . . . . 1 . . . . . . . . . . . . Mutant 1 | . . . . . . . . . . . . . . . 1 . . . . . . . . . . Best Kill Streak 7 | 2 6 3 7 5 5 4 3 6 4 . 1 4 . 4 1 2 . 5 2 7 1 2 1 1 1 Combat Bots Only 7 | . 3 3 7 5 5 4 3 5 4 . 1 4 . 3 1 2 . 5 2 6 1 1 1 1 1 Max Kills in Single Turn 3 | 1 1 1 2 3 2 2 1 3 1 . 1 1 1 3 1 1 . 2 1 3 1 1 1 1 1 Gunslinging 1 | . . . 1 1 . 1 . . . . . . . . . . . . . . . . . . . Exploded 3 | . . . . 2 1 . 1 3 1 . . . . 3 . . . 2 . 3 . . . . . Melee 1 | . . . . . 1 . 1 . 1 . 1 1 . 1 1 1 . 1 1 1 1 . 1 1 1 Uniques/NPCs Destroyed 1 | . . . . . . . . . . . . . . . . . . . . . 1 . . . . A7 (-5/Cetus) Combat | -11 -10 -10 -9 -9 -9 -8 -7 -7 -7 -7 -6 -6 -6 -6 -6 -6 -6 -5 -5 -5 -5 -5 -4 -4 -4 -------- Run | Yrd Mat Min Mat Sto Gar Mat Fac Low Low Dat Pro Fac Was Fac Low Low Zio Pro Fac Ext Cet Arc Fac Upp Upp Hostile Shots Fired 1475 | . 70 41 50 88 67 49 68 53 79 . 4 164 . 24 8 12 . 44 109 86 38 8 80 146 187 Missed 479 | . 21 8 14 28 18 12 19 26 23 . 1 60 . 10 2 3 . 20 32 28 19 5 27 52 51 Hits 996 | . 49 33 36 60 49 37 49 27 56 . 3 104 . 14 6 9 . 24 77 58 19 3 53 94 136 Melee 20 | . . . 1 . . . . . 12 . . . . . . . . . 7 . . . . . . Projectile 976 | . 49 33 35 60 49 37 49 27 44 . 3 104 . 14 6 9 . 24 70 58 19 3 53 94 136 AOE 1 | . . . . . . . . . . . . . . . . . . . . . . . 1 . . Critical Strikes 34 | . 1 . . 1 1 . 1 . 3 . 1 1 . . . . . . 5 5 3 . 5 3 4 Actively Blocked 1 | . . . . . . . . . . . . . . . . . . . 1 . . . . . . Part Disruptions 2 | . . . . . . . . . . . . . . 1 . . . . . . . . . . 1 Damage Taken 16301 | . 552 408 418 765 738 482 605 360 1329 . 35 1115 24 377 64 133 . 434 1626 1445 392 89 1358 1677 1875 Core 2669 | . 84 74 55 140 48 45 21 6 163 . . 180 . 94 . 16 . 109 305 174 . . 111 359 685 Absorbed by Shields 176 | . . . . . . . . . . . . . . . . . . . . 75 101 . . . . Redirected to Shielding 28 | . . . . . . . . . . . . . . . . . . 4 24 . . . . . . Ignored by Resistances 60 | . . . . . . . . . . . 10 . . . . . . . . 41 9 . . . . Regen/Repaired (Parts) 465 | . 9 . . . . . . . . . . . . 60 10 10 . 20 39 138 21 . 72 86 . Core Remaining (%) 63 | 100 . 36 . . 39 91 . . . . 72 . . . . . . 53 . . . 52 . . . Volleys Fired 468 | 6 64 25 49 78 32 25 9 15 10 . . 33 . 24 2 . . 12 7 22 . 10 23 6 16 Largest 3 | 2 2 2 3 3 3 3 3 3 3 . . 2 . 1 1 . . 1 2 2 . 3 1 1 2 Hottest 195 | 40 100 40 132 132 114 84 163 163 176 . . 113 . 90 90 . . 36 98 98 . 195 98 43 188 Shots Fired 932 | 12 122 50 142 202 69 75 20 24 19 . . 45 1 25 2 . . 12 8 29 . 24 23 6 22 Gun 696 | 12 120 50 140 153 60 75 11 9 3 . . 15 . . . . . . 2 . . 24 . . 22 Cannon 156 | . . . . 38 5 . 5 2 7 . . 30 1 23 2 . . . 6 14 . . 23 . . Launcher 75 | . . . . 10 4 . 4 13 9 . . . . 2 . . . 12 . 15 . . . 6 . Special 5 | . 2 . 2 1 . . . . . . . . . . . . . . . . . . . . . Kinetic 546 | 12 82 50 119 155 45 75 1 . . . . 5 . . . . . . 2 . . . . . . Thermal 169 | . 2 . 23 37 5 . . . . . . 20 1 23 2 . . . 6 14 . . 23 . 13 Explosive 75 | . . . . 10 4 . 4 13 9 . . . . 2 . . . 12 . 15 . . . 6 . Electromagnetic 142 | . 38 . . . 15 . 15 11 10 . . 20 . . . . . . . . . 24 . . 9 Robot Hit Streak 32 | 7 15 12 17 32 11 14 14 9 3 . . 12 2 3 . . . 2 4 8 . 6 3 1 7 Robot Miss Streak 4 | 1 3 1 4 3 3 2 1 3 3 . . 1 . 1 . . . . . 4 . 3 . 2 2 Penetration Max . | . . . . . . . . . . . . . . . . . . . . . . . . . . Secondary Targets 14 | . 2 . 4 3 2 3 . . . . . . . . . . . . . . . . . . . Max Gunslinging Chain 2 | . 1 . 1 2 1 1 . . . . . . . . . . . . . . . . . . . Shots Hit Robots 805 | 10 83 42 81 151 57 47 24 14 27 . 2 54 12 9 3 6 . 7 33 58 15 26 11 5 28 Core Hits 418 | 4 36 13 31 63 36 22 14 29 18 . 1 21 3 10 1 2 . 22 15 38 7 14 2 6 10 Critical Kills 5 | . . . 1 . . . . . 1 . . 2 . . . . . . . . . . 1 . . Critical Parts Destroyed 7 | . . 1 1 1 . . . . 1 . . 1 . . . 1 . . . . . . . . 1 Critical Strikes 47 | . 1 1 4 3 2 . 1 . 6 . . 5 . . . 2 . . 6 8 2 . 3 . 3 Burn 2 | . . . 2 . . . . . . . . . . . . . . . . . . . . . . Meltdown 1 | . . . . . . . . . . . . . . . . . . . . . . . 1 . . Destroy 5 | . . 1 2 2 . . . . . . . . . . . . . . . . . . . . . Blast 1 | . . . . 1 . . . . . . . . . . . . . . . . . . . . . Corrupt 4 | . 1 . . . . . . . 1 . . 1 . . . . . . . . . . . . 1 Smash 7 | . . . . . . . . . 2 . . 3 . . . 1 . . . . . . . . 1 Sever 27 | . . . . . 2 . 1 . 3 . . 1 . . . 1 . . 6 8 2 . 2 . 1 Melee Attacks 498 | . . . . . 48 11 26 2 29 . 5 82 11 36 4 7 1 11 71 76 16 16 22 4 20 Impact 68 | . . . . . . . . . 3 . 1 47 2 8 . 1 . 2 2 . . . . . 2 Slashing 425 | . . . . . 48 11 26 2 26 . 4 35 9 28 4 6 1 9 69 76 16 16 17 4 18 Piercing 5 | . . . . . . . . . . . . . . . . . . . . . . . 5 . . Sneak Attacks 59 | . . . . . . . 3 . 7 . . 5 5 2 . . . . 4 11 10 10 1 . 1 Combat Hostiles 2 | . . . . . . . . . 1 . . . . . . . . . . 1 . . . . . Follow-up Attacks 33 | . . . . . . . . . 2 . 1 5 2 1 . 1 . 2 1 12 3 1 1 . 1 Damage Inflicted 28597 | 116 1116 504 962 2889 1671 1054 725 1632 1658 . 68 2068 578 791 163 310 . 1399 1583 4385 832 1579 626 541 1347 Guns 7420 | 116 1112 504 962 1931 672 983 91 89 55 . . 231 . . . . . . 45 . . 342 . . 287 Cannons 1281 | . . . . 458 92 . 40 43 76 . . 217 31 29 . . . . . 261 . . 34 . . Explosions 6545 | . . . . 479 109 . 340 1500 608 . . . . 280 . . . 1106 . 1763 . . . 360 . Melee 13321 | . . . . . 798 66 254 . 919 . 68 1620 547 482 163 310 . 293 1538 2361 832 1237 592 181 1060 Ramming 30 | . 4 . . 21 . 5 . . . . . . . . . . . . . . . . . . . Kinetic 5522 | 116 705 504 722 1902 459 983 . . . . . 86 . . . . . . 45 . . . . . . Thermal 1941 | . . . 240 487 177 . 122 136 153 . . . 31 29 . . . . . 261 . . 34 . 271 Explosive 6049 | . . . . 479 24 . 218 1364 455 . . . . 280 . . . 1106 . 1763 . . . 360 . Electromagnetic 1734 | . 407 . . . 213 . 131 132 131 . . 362 . . . . . . . . . 342 . . 16 Impact 1855 | . . . . . . . . . 187 . 33 1245 188 41 . 33 . 72 . . . . . . 56 Slashing 11174 | . . . . . 798 66 254 . 732 . 35 375 359 441 163 277 . 221 1538 2361 832 1237 300 181 1004 Piercing 292 | . . . . . . . . . . . . . . . . . . . . . . . 292 . . Highest Corruption 28 | . 4 4 . 2 4 . 5 5 14 14 15 17 17 28 28 28 28 . 8 5 7 9 . 2 14 Average Corruption 7 | . 4 4 . 2 3 . 4 5 9 14 14 6 17 20 28 28 28 . 2 5 6 7 . 1 10 Corruption Purged 4 | . . . . . . . . . . . . . . . . . . . 4 . . . . . . Corruption Blocked . | . . . . . . . . . . . . . . . . . . . . . . . . . . Effects 337 | . 15 10 . 6 34 . 12 20 30 6 21 23 6 39 6 17 2 . 7 37 9 16 . 5 16 Message Errors 105 | . 1 2 . 2 9 . 5 8 8 3 10 2 3 15 3 5 2 . 2 11 2 5 . 3 4 Matter Fused 85 | . 5 3 . . 9 . 6 4 8 1 4 8 . 5 2 7 . . 1 7 4 5 . 1 5 Heat Flow Errors 41 | . 4 1 . . 5 . . 4 3 1 2 1 1 2 . 2 . . 1 8 1 1 . 1 3 Energy Discharges 31 | . 1 2 . 2 5 . . 1 4 . 2 3 . 2 . 2 . . 1 3 1 . . . 2 Parts Rejected 5 | . . . . 1 . . . . . . . 1 . . . . . . . 2 . . . . 1 Parts Fused 3 | . . . . . . . . . . . . . . 1 1 . . . 1 . . . . . . Data Loss (minor) 23 | . . 1 . . 2 . . 1 3 1 1 2 1 5 . . . . 1 1 1 2 . . 1 Data Loss (major) 14 | . 1 1 . 1 2 . . . 2 . 1 . . 2 . . . . . 2 . 2 . . . Misfires 10 | . . . . . 1 . 1 1 1 . . 2 1 3 . . . . . . . . . . . Alerts 8 | . 1 . . . 1 . . 1 1 . 1 . . . . 1 . . . 2 . . . . . Misdirections 6 | . . . . . . . . . . . . 4 . 2 . . . . . . . . . . . Weapon Failures 6 | . 2 . . . . . . . . . . . . 2 . . . . . 1 . 1 . . . Overload Shots . | . . . . . . . . . . . . . . . . . . . . . . . . . . Overflow Damage 2335 | . . . . 6 . . 93 15 240 . . 318 53 77 21 36 . 52 110 387 17 415 81 . 414 Projectiles 4 | . . . . . . . . . . . . . . . . . . . . . . . 4 . . Explosions 200 | . . . . 6 . . 41 15 65 . . . . . . . . 13 . 60 . . . . . Melee 2131 | . . . . . . . 52 . 175 . . 318 53 77 21 36 . 39 110 327 17 415 77 . 414 Knockbacks 12 | . . . . 4 . . . . . . . 7 . . . . . 1 . . . . . . . Impact 9 | . . . . 1 . . . . . . . 7 . . . . . 1 . . . . . . . Kinetic 2 | . . . . 2 . . . . . . . . . . . . . . . . . . . . . Secondary 1 | . . . . 1 . . . . . . . . . . . . . . . . . . . . . Self-Inflicted Damage 385 | . . . . . . . 22 86 53 . . . . . . . . . . 148 . . . 76 . Shots 12 | . . . . . . . 2 2 2 . . . . . . . . . . 4 . . . 2 . Rammed 6 | . 1 . . 3 . 2 . . . . . . . . . . . . . . . . . . . Targets Rammed 6 | . 1 . . 3 . 2 . . . . . . . . . . . . . . . . . . . Kicked . | . . . . . . . . . . . . . . . . . . . . . . . . . . Crushed . | . . . . . . . . . . . . . . . . . . . . . . . . . . Highest Temperature 376 | . 341 211 376 352 219 101 289 367 254 184 280 263 184 295 77 245 . 6 257 289 284 269 158 208 328 Average Temperature 85 | . 100 34 112 73 70 26 146 111 104 94 129 97 78 130 45 106 . 2 61 78 156 82 48 91 130 Received Heat Transfer 3187 | . 288 231 147 327 102 171 78 99 153 . . 168 9 63 . . . 45 337 586 56 18 243 66 . Effects 9 | . 3 . . . . . 1 1 . . . . . . . . . . . . 2 . . . 2 Shutdowns 1 | . 1 . . . . . . . . . . . . . . . . . . . . . . . . Energy Bleed 1 | . . . . . . . 1 . . . . . . . . . . . . . . . . . . Interference 4 | . . . . . . . . . . . . . . . . . . . . . 2 . . . 2 Matter Decay 1 | . 1 . . . . . . . . . . . . . . . . . . . . . . . . Short Circuit 1 | . . . . . . . . 1 . . . . . . . . . . . . . . . . . Damage (minor) 1 | . 1 . . . . . . . . . . . . . . . . . . . . . . . . Siege Activations . | . . . . . . . . . . . . . . . . . . . . . . . . . . Martial Activations . | . . . . . . . . . . . . . . . . . . . . . . . . . . Shielding Activations . | . . . . . . . . . . . . . . . . . . . . . . . . . . Robots Disrupted . | . . . . . . . . . . . . . . . . . . . . . . . . . . Combat Hostiles . | . . . . . . . . . . . . . . . . . . . . . . . . . . Robots Corrupted 9 | . . . . . . . . . 1 . . 7 . . . . . 1 . . . . . . . Combat Hostiles 6 | . . . . . . . . . 1 . . 4 . . . . . 1 . . . . . . . Parts Fried 24 | . 1 . . . 2 . . . 2 . . 18 . . . . . . . . . 1 . . . Impact Corruptions 20 | . . . . . . . . . 1 . . 15 1 . . 1 . 1 . . . . . . 1 Robots Melted 1 | . . . . . . . . . . . . . . . . . . . . . . . 1 . . Combat Hostiles . | . . . . . . . . . . . . . . . . . . . . . . . . . . Parts Melted 6 | . . . . . . . . . . . . . . . . . . . . 2 . . . . 4 Heat Transferred 3001 | . . . 666 930 248 . 150 50 100 . . . 37 37 . . . . . 400 . . 50 . 333 Parts Sabotaged . | . . . . . . . . . . . . . . . . . . . . . . . . . . Parts Stolen . | . . . . . . . . . . . . . . . . . . . . . . . . . . Parts Stripped . | . . . . . . . . . . . . . . . . . . . . . . . . . . Power Chain Reactions 5 | . . . . . 1 . 1 2 1 . . . . . . . . . . . . . . . . Alert | -11 -10 -10 -9 -9 -9 -8 -7 -7 -7 -7 -6 -6 -6 -6 -6 -6 -6 -5 -5 -5 -5 -5 -4 -4 -4 ------- Run | Yrd Mat Min Mat Sto Gar Mat Fac Low Low Dat Pro Fac Was Fac Low Low Zio Pro Fac Ext Cet Arc Fac Upp Upp Maximum Alert Level 4 | . . . . 2 4 3 1 . . . . 3 1 3 . . . . . 2 2 1 . . . Low Security (%) 55 | 100 100 100 100 70 . . 79 . . . . . 86 32 . . . . 100 54 . 53 100 . . Level 1 14 | . . . . 29 19 . 20 . . . . . 13 3 . . . . . 41 38 46 . . . Level 2 16 | . . . . . 6 85 . . . . . 74 . 15 . . . . . 3 61 . . . . Level 3 9 | . . . . . 28 14 . . . . . 25 . 48 . . . . . . . . . . . Level 4 5 | . . . . . 45 . . . . . . . . . . . . . . . . . . . . Level 5 . | . . . . . . . . . . . . . . . . . . . . . . . . . . High Security . | . . . . . . . . . . . . . . . . . . . . . . . . . . Max Security . | . . . . . . . . . . . . . . . . . . . . . . . . . . Peak Influence 1552 | 5 133 70 150 403 1552 800 266 . . . . 942 209 919 . . . . 120 562 514 279 64 . . Initial 900 | . . 37 1 35 259 756 266 . . . . 900 209 90 . . . . 49 12 312 165 41 . . Average 298 | 1 35 30 52 133 924 608 144 . . . . 607 169 504 . . . . 41 150 418 198 13 . . Influence Increases 11393 | 15 438 186 322 1052 1453 485 294 275 388 . 30 1584 . 1394 . 137 . 357 552 1335 332 284 290 95 95 Destroy 0b10 Robot/C 5060 | . 240 120 220 660 600 240 180 260 240 . 20 260 . 580 . 80 . 280 120 600 180 80 20 20 60 Destroy 0b10 Robot/NC 400 | 15 40 . 35 60 10 20 5 5 5 . . 40 . 15 . . . . 20 60 5 45 5 . 15 Destroy Leader 948 | . 54 30 48 174 30 54 60 10 20 . 10 82 . 162 . 20 . 40 30 84 20 . . . 20 Allied During Kill 1150 | . . . . 43 141 . 10 . 3 . . . . 353 . 22 . 37 . 295 121 125 . . . Successful Hack 302 | . 11 6 . 10 28 7 12 . . . . 76 . 4 . . . . 67 22 . . 59 . . Select Force Hacks 120 | . 60 . . . . . . . . . . . . . . . . . 30 . . . 30 . . Disable Machine 375 | . . . 15 45 75 45 . . . . . 45 . 45 . . . . 45 15 . 30 15 . . Anti-Garrison Action 400 | . . . . . 400 . . . . . . . . . . . . . . . . . . . . Destroy Structure 748 | . 3 . 4 60 139 14 27 . . . . 46 . 145 . . . . 60 184 6 4 56 . . Advance Influence 900 | . . . . . . . . . . . . 900 . . . . . . . . . . . . . Partial Spotted 90 | . . . . . . . . . . . . 15 . 45 . . . . . . . . 30 . . Lose Combat Pursuer 900 | . 30 30 . . 30 105 . . 120 . . 120 . 45 . 15 . . 180 75 . . 75 75 . Influence Decreases 11381 | 15 340 278 243 738 300 1452 879 186 459 18 30 986 469 672 386 239 363 279 603 804 476 579 389 104 94 Entered New Map 3230 | . . 61 5 50 140 796 319 . 17 18 . . 389 39 316 89 363 . 29 15 246 249 78 8 3 Time Decay 5459 | 15 300 212 228 446 . 356 330 186 382 . 30 506 70 342 70 150 . 225 370 382 190 270 240 96 63 Search Patrol Dispatched 450 | . . . . . . . . . . . . 450 . . . . . . . . . . . . . Lost Part 418 | . 40 5 10 30 . . . . 60 . . 30 10 . . . . 10 99 51 20 . 25 . 28 Lost Ally 895 | . . . . 20 160 . 80 . . . . . . 291 . . . 44 . 220 20 60 . . . Purge Threat 929 | . . . . 192 . 300 150 . . . . . . . . . . . 105 136 . . 46 . . Squads Dispatched 64 | . 6 . 2 5 . 1 11 . 1 . . 6 . 16 . . . . 5 4 2 . 5 . . Investigation 23 | . 5 . . 1 . . 2 . . . . 1 . 5 . . . . 3 1 2 . 3 . . Extermination 10 | . . . . . . . 1 . . . . 3 . 2 . . . . 2 . . . 2 . . Reinforcement 15 | . 1 . 2 1 . 1 3 . . . . 2 . 2 . . . . . 3 . . . . . Assault 5 | . . . . 2 . . . . 1 . . . . 2 . . . . . . . . . . . Garrison 11 | . . . . 1 . . 5 . . . . . . 5 . . . . . . . . . . . Intercept . | . . . . . . . . . . . . . . . . . . . . . . . . . . Searches Triggered 3 | . . . . . . . . . . . . 3 . . . . . . . . . . . . . Data Miner Redirects 3 | . . . . . . . . . . . . 1 . 1 . . . . 1 . . . . . . Construction Impeded 6 | . . . . . . . 1 . . . . 2 . . . . . . . 3 . . . . . Haulers Reinforced . | . . . . . . . . . . . . . . . . . . . . . . . . . . Active Scanning Responses . | . . . . . . . . . . . . . . . . . . . . . . . . . . Cargo Convoy Interrupts 2 | . . . . . . . 1 . . . . . . 1 . . . . . . . . . . . Stealth | -11 -10 -10 -9 -9 -9 -8 -7 -7 -7 -7 -6 -6 -6 -6 -6 -6 -6 -5 -5 -5 -5 -5 -4 -4 -4 --------- Run | Yrd Mat Min Mat Sto Gar Mat Fac Low Low Dat Pro Fac Was Fac Low Low Zio Pro Fac Ext Cet Arc Fac Upp Upp Distress Signals 19 | . 3 . 1 1 . 2 . . . . 1 2 . 3 . . . . 1 3 1 . 1 . . Communications Jammed . | . . . . . . . . . . . . . . . . . . . . . . . . . . Distress Signals . | . . . . . . . . . . . . . . . . . . . . . . . . . . Times Spotted 386 | . 30 8 16 44 31 24 6 12 16 . 7 31 . 31 1 5 . 14 24 39 9 12 12 9 5 Peak Tracking Total 11 | . 4 3 6 5 4 8 3 5 5 . 2 4 . 11 1 3 . 5 9 5 5 2 4 5 2 Tactical Retreats 39 | . 2 2 . . 2 4 . . 6 . . 5 . 2 . 1 . . 5 3 . . 5 2 . Traps | -11 -10 -10 -9 -9 -9 -8 -7 -7 -7 -7 -6 -6 -6 -6 -6 -6 -6 -5 -5 -5 -5 -5 -4 -4 -4 ------- Run | Yrd Mat Min Mat Sto Gar Mat Fac Low Low Dat Pro Fac Was Fac Low Low Zio Pro Fac Ext Cet Arc Fac Upp Upp Traps Triggered 12 | . 2 . . 1 1 . 3 . . . . 2 . 1 . . . . 1 1 . . . . . Indirectly . | . . . . . . . . . . . . . . . . . . . . . . . . . . Trap Hack Attempts . | . . . . . . . . . . . . . . . . . . . . . . . . . . Triggered . | . . . . . . . . . . . . . . . . . . . . . . . . . . Disarmed . | . . . . . . . . . . . . . . . . . . . . . . . . . . Reprogrammed . | . . . . . . . . . . . . . . . . . . . . . . . . . . Reused . | . . . . . . . . . . . . . . . . . . . . . . . . . . Traps Extracted . | . . . . . . . . . . . . . . . . . . . . . . . . . . Installed . | . . . . . . . . . . . . . . . . . . . . . . . . . . Triggered . | . . . . . . . . . . . . . . . . . . . . . . . . . . Machines | -11 -10 -10 -9 -9 -9 -8 -7 -7 -7 -7 -6 -6 -6 -6 -6 -6 -6 -5 -5 -5 -5 -5 -4 -4 -4 ---------- Run | Yrd Mat Min Mat Sto Gar Mat Fac Low Low Dat Pro Fac Was Fac Low Low Zio Pro Fac Ext Cet Arc Fac Upp Upp Machines Disabled 37 | . . . 1 3 14 3 . . . . . 3 . 3 . . . . 3 2 2 2 1 . . Max in Single Turn 2 | . . . 1 2 1 1 . . . . . 1 . . . . . . 1 . . . 1 . . Garrison Access 2 | . . . . . . . . . . . . 1 . 1 . . . . . . . . . . . Garrison Relay 5 | . . . . . 5 . . . . . . . . . . . . . . . . . . . . Phase Generator 1 | . . . . . 1 . . . . . . . . . . . . . . . . . . . . Machines Repaired . | . . . . . . . . . . . . . . . . . . . . . . . . . . Machines Dismantled . | . . . . . . . . . . . . . . . . . . . . . . . . . . Machines Sabotaged . | . . . . . . . . . . . . . . . . . . . . . . . . . . Overloaded Fab Kills . | . . . . . . . . . . . . . . . . . . . . . . . . . . Hacking | -11 -10 -10 -9 -9 -9 -8 -7 -7 -7 -7 -6 -6 -6 -6 -6 -6 -6 -5 -5 -5 -5 -5 -4 -4 -4 --------- Run | Yrd Mat Min Mat Sto Gar Mat Fac Low Low Dat Pro Fac Was Fac Low Low Zio Pro Fac Ext Cet Arc Fac Upp Upp Machines Accessed 90 | . 9 1 1 11 1 3 4 1 1 4 1 11 . 7 . 1 . . 11 9 3 1 9 . 1 Terminals 56 | . 6 1 1 9 1 3 1 . . . 1 7 . 2 . . . . 7 9 3 . 5 . . Fabricators 6 | . . . . . . . 1 . . . . 1 . 1 . . . . 1 . . . 2 . . Repair Stations 2 | . 1 . . . . . . . . . . . . 1 . . . . . . . . . . . Recycling Units 9 | . 2 . . 1 . . 1 . . . . 1 . 1 . . . . 1 . . . 2 . . Scanalyzers 1 | . . . . . . . . . . . . . . . . . . . 1 . . . . . . Garrison Access 7 | . . . . 1 . . 1 . . . . 2 . 2 . . . . 1 . . . . . . Total Hacks 330 | . 21 3 2 35 3 12 8 1 1 28 1 27 . 17 . 1 . . 55 37 6 25 46 . 1 Successful 202 | . 10 2 1 14 2 5 3 1 1 28 1 16 . 6 . 1 . . 35 19 1 25 30 . 1 Failed 125 | . 10 . 1 21 1 7 5 . . . . 11 . 11 . . . . 19 18 5 . 16 . . Catastrophic 23 | . 2 . . 4 . 2 1 . . . . 2 . 5 . . . . 3 2 2 . . . . Database Lockouts 3 | . 1 1 . . . . . . . . . . . . . . . . 1 . . . . . . Manual 140 | . 18 2 1 22 2 2 3 . . . . 14 . 10 . . 1 . 18 25 2 1 19 . . Terminals 196 | . 15 3 2 28 3 12 3 . . . 1 17 . 5 . . . . 33 37 6 . 31 . . Fabricators 15 | . . . . . . . 1 . . . . 2 . 3 . . . . 5 . . . 4 . . Repair Stations 4 | . 2 . . . . . . . . . . . . 2 . . . . . . . . . . . Recycling Units 33 | . 4 . . 5 . . 2 . . . . 4 . 3 . . . . 4 . . . 11 . . Scanalyzers 10 | . . . . . . . . . . . . . . . . . . . 10 . . . . . . Garrison Access 15 | . . . . 2 . . 2 . . . . 4 . 4 . . . . 3 . . . . . . Terminal Hacks 136 | . 4 2 . 9 1 4 1 1 1 28 1 6 . 1 . 1 . . 15 16 1 25 18 . 1 Record 41 | . . 1 . . . . . . . 11 1 . . . . . . . . 1 1 25 1 . . Part Schematic 13 | . . . . . . . . . . 10 . . . . . . . . 2 . . . 1 . . Robot Schematic 4 | . . . . . . . . . . 4 . . . . . . . . . . . . . . . Robot Analysis 10 | . 1 1 . . . . . . . . . . . . . . . . . 5 . . 3 . . Prototype ID Bank 8 | . . . . 1 . . . . . 3 . . . . . . . . 1 1 . . 2 . . Open Door 7 | . . . . 3 . . . 1 1 . . . . . . 1 . . . . . . . . 1 Open DSF 1 | . . . . . . . . . . . . 1 . . . . . . . . . . . . . Level Access Points 1 | . . . . . . . . . . . . . . . . . . . . . . . 1 . . Branch Access Points 2 | . . . . . . 1 . . . . . . . . . . . . . . . . 1 . . Emergency Access Points 2 | . . . . . 1 . . . . . . . . . . . . . . . . . 1 . . Terminal Index 3 | . . . . . . . . . . . . . . . . . . . 1 1 . . 1 . . Fabricator Index 1 | . . . . . . . . . . . . . . . . . . . 1 . . . . . . Alert Level 7 | . . . . . . 1 . . . . . 1 . 1 . . . . 2 2 . . . . . Unreport Threat 9 | . . . . 2 . 2 1 . . . . . . . . . . . 2 1 . . 1 . . Locate Traps 7 | . . . . . . . . . . . . 2 . . . . . . 3 2 . . . . . Maintenance Status 2 | . 1 . . . . . . . . . . . . . . . . . . . . . 1 . . Recall Investigation 4 | . . . . . . . . . . . . . . . . . . . 2 1 . . 1 . . Recall Extermination 1 | . . . . . . . . . . . . . . . . . . . . . . . 1 . . Recall Reinforcements 1 | . . . . 1 . . . . . . . . . . . . . . . . . . . . . Hauler Manifests 2 | . 1 . . 1 . . . . . . . . . . . . . . . . . . . . . Registered Components 1 | . . . . . . . . . . . . . . . . . . . . . . . 1 . . Zone Layout 9 | . 1 . . 1 . . . . . . . 2 . . . . . . 1 2 . . 2 . . Fabricator Hacks 10 | . . . . . . . . . . . . 1 . 3 . . . . 2 . . . 4 . . Load Schematic 5 | . . . . . . . . . . . . 1 . 1 . . . . 1 . . . 2 . . Build 5 | . . . . . . . . . . . . . . 2 . . . . 1 . . . 2 . . Repair Station Hacks . | . . . . . . . . . . . . . . . . . . . . . . . . . . Recycling Unit Hacks 7 | . 1 . . . . . . . . . . 1 . . . . . . 1 . . . 4 . . Report Inventory 4 | . 1 . . . . . . . . . . . . . . . . . 1 . . . 2 . . Retrieve Components 3 | . . . . . . . . . . . . 1 . . . . . . . . . . 2 . . Scanalyzer 10 | . . . . . . . . . . . . . . . . . . . 10 . . . . . . Insert Component 5 | . . . . . . . . . . . . . . . . . . . 5 . . . . . . Analyze 5 | . . . . . . . . . . . . . . . . . . . 5 . . . . . . Garrison Access Hacks 3 | . . . . 1 . . . . . . . 1 . 1 . . . . . . . . . . . Unlock Access 2 | . . . . 1 . . . . . . . . . 1 . . . . . . . . . . . Seal Access 1 | . . . . . . . . . . . . 1 . . . . . . . . . . . . . Unauthorized Hacks 36 | . 5 . 1 4 1 1 2 . . . . 7 . 1 . . . . 7 3 . . 4 . . Terminals 20 | . 1 . 1 2 1 1 . . . . . 4 . . . . . . 5 3 . . 2 . . Track 11 | . 1 . . . . . . . . . . 3 . . . . . . 3 2 . . 2 . . Botnet 9 | . . . 1 2 1 1 . . . . . 1 . . . . . . 2 1 . . . . . Fabricators 1 | . . . . . . . 1 . . . . . . . . . . . . . . . . . . Liberate 1 | . . . . . . . 1 . . . . . . . . . . . . . . . . . . Repair Stations 1 | . 1 . . . . . . . . . . . . . . . . . . . . . . . . Patch 1 | . 1 . . . . . . . . . . . . . . . . . . . . . . . . Recycling Units 14 | . 3 . . 2 . . 1 . . . . 3 . 1 . . . . 2 . . . 2 . . Reject 2 | . . . . 1 . . . . . . . 1 . . . . . . . . . . . . . Recyclers 6 | . 1 . . 1 . . 1 . . . . 1 . . . . . . 1 . . . 1 . . Mask 2 | . . . . . . . . . . . . 1 . 1 . . . . . . . . . . . Tunnel 4 | . 2 . . . . . . . . . . . . . . . . . 1 . . . 1 . . Scanalyzers . | . . . . . . . . . . . . . . . . . . . . . . . . . . Garrison Access . | . . . . . . . . . . . . . . . . . . . . . . . . . . Data Cores Recovered 2 | . 1 . . . . . . . . . . 1 . . . . . . . . . . . . . Used . | . . . . . . . . . . . . . . . . . . . . . . . . . . Hacking Detections 71 | . 7 . 1 9 1 3 3 . . . . 9 . 7 . . . . 11 8 3 . 9 . . Full Trace Events 17 | . 1 . . 2 . . 2 . . . . 1 . 4 . . . . 2 1 2 . 2 . . Feedback Events 1 | . . . . . . . . . . . . . . 1 . . . . . . . . . . . Corruption 1 | . . . . . . . . . . . . . . 1 . . . . . . . . . . . Feedback Blocked . | . . . . . . . . . . . . . . . . . . . . . . . . . . Robot Schematics Acquired 7 | . . . . . . . . . . 4 . . . . . . 3 . . . . . . . . Robots Built . | . . . . . . . . . . . . . . . . . . . . . . . . . . Authchips . | . . . . . . . . . . . . . . . . . . . . . . . . . . Time . | . . . . . . . . . . . . . . . . . . . . . . . . . . Total Robot Build Rating . | . . . . . . . . . . . . . . . . . . . . . . . . . . Part Schematics Acquired 33 | . . . . . . . . . . 10 . . . . . . 16 . 6 . . . 1 . . Parts Built 7 | . . . . . . . . . . . . . . 3 . . . . 1 . . . 3 . . Authchips . | . . . . . . . . . . . . . . . . . . . . . . . . . . Time 459 | . . . . . . . . . . . . . . 269 . . . . 53 . . . 137 . . Total Part Build Rating 43 | . . . . . . . . . . . . . . 19 . . . . 6 . . . 18 . . Parts Repaired . | . . . . . . . . . . . . . . . . . . . . . . . . . . Time . | . . . . . . . . . . . . . . . . . . . . . . . . . . Parts Recycled . | . . . . . . . . . . . . . . . . . . . . . . . . . . Recycled Matter . | . . . . . . . . . . . . . . . . . . . . . . . . . . Retrieved Matter . | . . . . . . . . . . . . . . . . . . . . . . . . . . Retrieved Components 5 | . . . . . . . . . . . . 1 . . . . . . . . . . 4 . . Parts Scanalyzed 4 | . . . . . . . . . . . . . . . . . . . 4 . . . . . . Part Schematics Acquired 4 | . . . . . . . . . . . . . . . . . . . 4 . . . . . . Parts Damaged . | . . . . . . . . . . . . . . . . . . . . . . . . . . Bothacking | -11 -10 -10 -9 -9 -9 -8 -7 -7 -7 -7 -6 -6 -6 -6 -6 -6 -6 -5 -5 -5 -5 -5 -4 -4 -4 ------------ Run | Yrd Mat Min Mat Sto Gar Mat Fac Low Low Dat Pro Fac Was Fac Low Low Zio Pro Fac Ext Cet Arc Fac Upp Upp Used RIF Installer . | . . . . . . . . . . . . . . . . . . . . . . . . . . Robots Hacked . | . . . . . . . . . . . . . . . . . . . . . . . . . . Non-combat . | . . . . . . . . . . . . . . . . . . . . . . . . . . Combat . | . . . . . . . . . . . . . . . . . . . . . . . . . . Robot Hacks Applied . | . . . . . . . . . . . . . . . . . . . . . . . . . . Relay Couplers Released 19 | . . . . . 17 . . . . . . . . 2 . . . . . . . . . . . Machine Destruction 19 | . . . . . 17 . . . . . . . . 2 . . . . . . . . . . . Fabnet Peak Effective % . | . . . . . . . . . . . . . . . . . . . . . . . . . . Robots Rewired 20 | . . . . . 4 . . . 1 . . . . . 3 . . . . 12 . . . . . Allies Hacked 1 | . . . . . . . 1 . . . . . . . . . . . . . . . . . . Hacks Repelled 1 | . . . . . . . . . . . . . . . . . . . . 1 . . . . . Allies | -11 -10 -10 -9 -9 -9 -8 -7 -7 -7 -7 -6 -6 -6 -6 -6 -6 -6 -5 -5 -5 -5 -5 -4 -4 -4 -------- Run | Yrd Mat Min Mat Sto Gar Mat Fac Low Low Dat Pro Fac Was Fac Low Low Zio Pro Fac Ext Cet Arc Fac Upp Upp Total Allies 72 | . . . . 12 4 . 6 . 1 . . . 20 . 3 . . . . 21 5 . . . . Largest Group 20 | . . . . 10 9 . 3 . 1 . . . 20 18 3 3 3 3 . 12 10 10 6 . . Highest-Rated Group 819 | . . . . 88 109 . 48 . 32 . . . 819 756 60 60 60 60 . 378 623 623 438 . . Highest-Rated Ally 159 | . . . . 31 21 . 16 . 32 . . . 50 50 20 20 20 20 . 159 159 96 96 . . Initial Warlord ECA Mod 95 | . . . . . . 7 6 6 6 6 5 5 5 5 5 5 5 4 4 4 4 4 3 3 3 Total Orders 1 | . . . . . . . . . . . . . . . . . . . . . . . 1 . . STAY 1 | . . . . . . . . . . . . . . . . . . . . . . . 1 . . Ally Attacks 534 | . . . . 33 65 . 36 . 1 . . . 4 139 . 10 . 1 . 161 55 29 . . . Total Damage 11096 | . . . . 374 856 . 449 . 44 . . . 121 4247 . 58 . . . 3036 1088 823 . . . Kills 83 | . . . . 6 10 . 5 . 1 . . . 1 26 . 1 . . . 20 9 4 . . . Allies Corrupted . | . . . . . . . . . . . . . . . . . . . . . . . . . . Allies Melted 1 | . . . . . . . . . . . . . . 1 . . . . . . . . . . . Intel | -11 -10 -10 -9 -9 -9 -8 -7 -7 -7 -7 -6 -6 -6 -6 -6 -6 -6 -5 -5 -5 -5 -5 -4 -4 -4 ------- Run | Yrd Mat Min Mat Sto Gar Mat Fac Low Low Dat Pro Fac Was Fac Low Low Zio Pro Fac Ext Cet Arc Fac Upp Upp Active Infowar (turns) 12369 | 43 1103 215 346 379 734 449 762 810 872 128 464 1194 150 571 107 278 583 565 1017 477 . . 777 279 66 Optics 535 | . . . . . . . . . . . . 224 150 161 . . . . . . . . . . . Sensors 4190 | . . . . . . . . 41 . . . . . 363 107 276 579 558 1017 477 . . 772 . . Terrain 2587 | 43 . 189 31 16 7 . . . . . . 775 60 . . . . . 572 . . . 549 279 66 Seismic 6238 | . 1103 26 274 379 727 449 517 791 841 128 464 539 . . . . . . . . . . . . . T.N.C. 193 | . . . 193 . . . . . . . . . . . . . . . . . . . . . . Machine Analysis 1921 | . . . . . . . 657 810 454 . . . . . . . . . . . . . . . . Cloaking 1345 | . . . . . . . . . . . . . . 127 105 271 399 336 107 . . . . . . Jamming 35 | . . . . . . . . . . . . . . . . . . . . . . . 35 . . Robot Analysis Total 10 | . 1 1 . . . . . . . . . . . . . . . . . 5 . . 3 . . Derelict Logs Recovered 8 | . . 1 . . . . . 1 . . . . . . 2 1 . 1 . . . . . 2 . Drone Launches . | . . . . . . . . . . . . . . . . . . . . . . . . . . Drone Recoveries . | . . . . . . . . . . . . . . . . . . . . . . . . . . Exploration | -11 -10 -10 -9 -9 -9 -8 -7 -7 -7 -7 -6 -6 -6 -6 -6 -6 -6 -5 -5 -5 -5 -5 -4 -4 -4 ------------- Run | Yrd Mat Min Mat Sto Gar Mat Fac Low Low Dat Pro Fac Was Fac Low Low Zio Pro Fac Ext Cet Arc Fac Upp Upp Turns Passed 18932 | 119 1243 484 651 1212 1513 810 762 810 980 128 464 1369 150 768 143 306 593 620 1149 1568 392 591 887 712 508 Spaces Moved 12553 | 52 584 247 259 493 742 383 353 417 427 78 270 1039 177 775 203 303 829 637 1038 881 174 327 784 558 523 Core 63 | 2 . . . . . . . . . . . . . . . . . . . . . . . . 61 Treads 5124 | 50 584 247 259 493 742 383 353 417 427 78 270 89 . . . . . . . 387 145 198 . . 2 Legs 720 | . . . . . . . . . . . . 259 . . . . . . . 419 29 . . . 13 Wheels . | . . . . . . . . . . . . . . . . . . . . . . . . . . Hover 6646 | . . . . . . . . . . . . 691 177 775 203 303 829 637 1038 75 . 129 784 558 447 Flight . | . . . . . . . . . . . . . . . . . . . . . . . . . . Fastest Speed 38 | 50 160 160 160 160 160 152 161 163 165 165 165 48 48 48 52 52 52 52 46 48 120 105 38 50 50 Average Speed 104 | 156 160 160 160 162 160 157 162 164 170 165 165 90 48 51 52 52 52 52 63 132 153 142 51 73 61 Slowest Speed 260 | 160 160 160 160 240 160 241 163 170 250 165 165 245 48 98 52 52 102 52 112 240 160 166 160 161 260 Overloaded Moves . | . . . . . . . . . . . . . . . . . . . . . . . . . . Propulsion Burnouts . | . . . . . . . . . . . . . . . . . . . . . . . . . . Robots Hopped . | . . . . . . . . . . . . . . . . . . . . . . . . . . Potential Cave-ins 7 | . . . . . . . . . 1 . . 2 . 1 . . . . . . . . 3 . . Cave-ins Triggered . | . . . . . . . . . . . . . . . . . . . . . . . . . . Exploration Rate (%) 54 | 5 93 67 28 77 86 37 12 66 53 69 50 23 87 24 43 47 84 69 29 81 60 96 21 74 42 Regions Visited 25 Branch Regions 15 Pre-discovered Areas 8 | . 2 . . . . . . 1 . 1 . . . . 1 . 1 . 1 . . . 1 . . Known Exits Taken 14 | . . . 1 1 . . . . . . 1 . . 1 1 1 1 1 1 1 1 1 1 1 . Unknown Exits Taken 8 | 1 1 1 . . . 1 1 1 1 1 . . . . . . . . . . . . . . . Scrap Searched 11 | . . 1 . . . . . 1 2 . 2 . . . . 2 . 1 . . . . . . 2 Spaces Dug 218 | . 2 . 2 18 . 8 20 . . . 1 44 . 50 3 . . 5 31 3 . . 31 . . Terrain Destroyed 904 | . 2 . 2 63 97 9 38 93 58 . 1 50 . 63 3 . . 74 31 199 . . 31 90 . Melee 127 | . . . . . . 8 20 . . . 1 31 . 24 1 . . 5 27 . . . 10 . . Projectile 76 | . 2 . 2 1 . . . . . . . 19 . 21 2 . . . 4 4 . . 21 . . AOE 700 | . . . . 62 97 . 18 93 58 . . . . 18 . . . 69 . 195 . . . 90 . Terrain Rammed . | . . . . . . . . . . . . . . . . . . . . . . . . . . Walls Destroyed . | . . . . . . . . . . . . . . . . . . . . . . . . . . Machines Disabled . | . . . . . . . . . . . . . . . . . . . . . . . . . . Actions | -11 -10 -10 -9 -9 -9 -8 -7 -7 -7 -7 -6 -6 -6 -6 -6 -6 -6 -5 -5 -5 -5 -5 -4 -4 -4 --------- Run | Yrd Mat Min Mat Sto Gar Mat Fac Low Low Dat Pro Fac Was Fac Low Low Zio Pro Fac Ext Cet Arc Fac Upp Upp Total 16729 | 75 759 286 397 738 933 512 483 513 616 77 283 1301 227 1057 230 436 981 891 1397 1148 277 406 1209 839 658 Wait 2208 | 2 70 . 47 81 32 46 60 40 118 . 5 40 35 180 12 115 143 196 224 53 52 17 333 248 59 Move 12528 | 51 583 246 258 492 740 382 352 416 426 77 269 1039 176 774 202 302 828 636 1037 880 173 326 783 557 523 Hop . | . . . . . . . . . . . . . . . . . . . . . . . . . . Pick Up 202 | 6 17 2 13 15 6 9 9 8 7 . 2 22 2 7 . 1 5 5 15 15 9 5 10 3 9 Fast Attach 131 | 7 . . 3 9 8 4 2 4 1 . . 17 1 6 . . . 3 11 16 3 7 7 5 17 Attach 83 | . 5 3 3 3 . 1 2 1 6 . 1 9 . 1 . . . 8 10 7 2 1 3 9 8 Detach 14 | 1 . . . . . . . . 1 . . 1 . . . . . 5 1 1 . . . 3 1 Swap 317 | 1 15 8 13 32 21 19 15 15 11 . . 21 1 16 3 11 3 13 15 34 13 14 17 4 2 Drop 244 | 1 4 2 11 25 15 13 8 12 2 . 2 41 3 18 . 1 1 4 13 23 12 13 14 . 6 Fire 468 | 6 64 25 49 78 32 25 9 15 10 . . 33 . 24 2 . . 12 7 22 . 10 23 6 16 Melee 428 | . . . . . 48 11 26 2 27 . 4 67 9 31 4 6 1 9 64 53 13 13 19 4 17 Ram . | . . . . . . . . . . . . . . . . . . . . . . . . . . Kick . | . . . . . . . . . . . . . . . . . . . . . . . . . . Crush 6 | . 1 . . 3 . 2 . . . . . . . . . . . . . . . . . . . Escape Stasis 13 | . . . . . . . . . . . . 11 . . . . . . . 2 . . . . . Rewire 87 | . . . . . 31 . . . 7 . . . . . 7 . . . . 42 . . . . . Trap . | . . . . . . . . . . . . . . . . . . . . . . . . . . Miscellaneous . | . . . . . . . . . . . . . . . . . . . . . . . . . . Route ------- -11/Scrapyard -10/Materials (discovered 6 exits: *Mat x3 / *Min x2 / *Sub) -10/Mines -9/Materials (discovered 5 exits: *Mat x2 / Min x2 / *Sto) -9/Storage (discovered 2 exits: *Mat / Gar) -9/Garrison (discovered 2 exits: *Mat x2) -8/Materials (discovered 2 exits: *Fac x2) -7/Factory -7/Lower Caves -7/Lower Caves -7/Data Miner -6/Proximity Caves -6/Factory -6/Waste -6/Factory (discovered 2 exits: *Fac / *Low) -6/Lower Caves -6/Lower Caves (discovered 2 exits: *Fac / *Zio) -6/Zion (discovered 2 exits: Dee / *Pro) -5/Proximity Caves -5/Factory (discovered 4 exits: Fac / *Upp x2 / *Ext) -5/Extension (discovered 2 exits: *Fac / *Cet) -5/Cetus -5/Archives (discovered 3 exits: *Fac / [*Hub x2]) -4/Factory (discovered 6 exits: Res x4 / *Upp x2) -4/Upper Caves -4/Upper Caves (discovered 1 exit: *Res) History --------- Turn | Location | Event 27 | -11/Scrapyard | Discovered new exit (range 15) 120 | -11/Scrapyard | Entered Materials 133 | -10/Materials | Central database locked down 221 | -10/Materials | Discovered new exit (range 11) 256 | -10/Materials | Discovered new exit (range 18) 301 | -10/Materials | Build established: Mutant 632 | -10/Materials | Discovered new exit (range 5) 641 | -10/Materials | Identified exit to Subcaves 1013 | -10/Materials | Discovered new exit (range 5) 1323 | -10/Materials | Discovered new exit (range 5) 1325 | -10/Materials | Discovered new exit (range 10) 1363 | -10/Materials | Entered Mines 1434 | -10/Mines | Learned 8 Materials zone layouts 1662 | -10/Mines | Core integrity fell below 50% 1708 | -10/Mines | Lost 3 parts (1p1n1w) 1829 | -10/Mines | Discovered new exit (range 8) 1839 | -10/Mines | Central database locked down 1847 | -10/Mines | Entered Materials 1847 | -9/Materials | Evolved 2 slots: Utility x1, Weapon x1 1848 | -9/Materials | Identified exit to Materials 1848 | -9/Materials | Identified exit to Mines 1848 | -9/Materials | Identified exit to Storage 2342 | -9/Materials | Destroyed 7 combat bots 2498 | -9/Materials | Entered Storage 3183 | -9/Storage | Met a pair of Derelict thieves 3251 | -9/Storage | Identified exit to Garrison 3510 | -9/Storage | Build established: Gunner 3609 | -9/Storage | Discovered exit to Materials (range 16) 3628 | -9/Storage | Assisted by bots powering up and referring to "LRC-V3" 3679 | -9/Storage | Garrison activated, responded to threat 3710 | -9/Storage | Entered Garrison 3710 | -9/Garrison | Accompanied by 8 allies 3732 | -9/Garrison | Triggered checkpoint 3770 | -9/Garrison | Triggered checkpoint 3796 | -9/Garrison | Garrison Relay disabled 3928 | -9/Garrison | Build established: Commander-Gunner 3989 | -9/Garrison | Triggered checkpoint 3990 | -9/Garrison | Triggered checkpoint 4030 | -9/Garrison | Triggered checkpoint 4080 | -9/Garrison | Lost 4 allies 4138 | -9/Garrison | Triggered checkpoint 4138 | -9/Garrison | Garrison Relay disabled 4369 | -9/Garrison | Discovered exit to Materials (range 12) 4422 | -9/Garrison | Triggered checkpoint 4431 | -9/Garrison | Core integrity fell below 50% 4515 | -9/Garrison | Garrison Relay disabled 4734 | -9/Garrison | Attempted to access garrison exit controls, blocked by remote lockdown 5121 | -9/Garrison | Build established: Mutant 5133 | -9/Garrison | Garrison Relay disabled 5151 | -9/Garrison | Phase Generator disabled 5189 | -9/Garrison | Discovered exit to Materials (range 11) 5202 | -9/Garrison | Garrison Relay disabled 5223 | -9/Garrison | Entered Materials 5223 | -8/Materials | Evolved 2 slots: Propulsion x1, Utility x1 5613 | -8/Materials | Build established: Gunner 5824 | -8/Materials | Discovered new exit (range 15) 6028 | -8/Materials | Discovered new exit (range 3) 6033 | -8/Materials | Entered Factory 6033 | -7/Factory | Evolved 2 slots: Propulsion x1, Utility x1 6395 | -7/Factory | Garrison activated, responded to threat 6428 | -7/Factory | Build established: Mutant 6460 | -7/Factory | Lost 3 allies 6695 | -7/Factory | Garrison activated, responded to threat 6749 | -7/Factory | Cargo convoy interrupted 6784 | -7/Factory | Discovered new exit (range 10) 6795 | -7/Factory | Entered Lower Caves 6801 | -7/Lower Caves | Met a Warlord Commander 6802 | -7/Lower Caves | Learned location of Warlord (-5) 6803 | -7/Lower Caves | Warlord Commander delivered Encrypted Comm Array 6804 | -7/Lower Caves | Found Encrypted Comm Array 7023 | -7/Lower Caves | Learned location of 1 exit from Proximity Caves 7133 | -7/Lower Caves | Attracted the attention of an 0b10 checkpoint 7214 | -7/Lower Caves | Encountered a Warlord checkpoint 7443 | -7/Lower Caves | Found Imp. Powered Armor 7574 | -7/Lower Caves | Discovered new exit (range 10) 7605 | -7/Lower Caves | Entered another Lower Caves area 8001 | -7/Lower Caves | Attracted the attention of an 0b10 outpost 8121 | -7/Lower Caves | System corruption reached 10% 8132 | -7/Lower Caves | Lost 5 parts (1p1n1u2w) 8386 | -7/Lower Caves | Encountered a Warlord checkpoint 8459 | -7/Lower Caves | Discovered new exit (range 14) 8585 | -7/Lower Caves | Entered Data Miner 8585 | -7/Data Miner | Discovered new exit (range 6) 8617 | -7/Data Miner | Met Data Miner 8648 | -7/Data Miner | Learned location of Section 7 (-2) 8648 | -7/Data Miner | Acquired the access code to Warlord's prototype stash 8678 | -7/Data Miner | Received God Mode back door access code from Data Miner 8713 | -7/Data Miner | Entered Proximity Caves 8714 | -6/Proximity Caves | Identified exit to Factory 8799 | -6/Proximity Caves | Spotter reported a threat 8832 | -6/Proximity Caves | Build established: Scavenger-Mutant 8888 | -6/Proximity Caves | Spotter reported a threat 8954 | -6/Proximity Caves | Spotter reported a threat 9016 | -6/Proximity Caves | Spotter reported a threat 9075 | -6/Proximity Caves | Spotter reported a threat 9084 | -6/Proximity Caves | Spotter reported a threat 9128 | -6/Proximity Caves | Spotter reported a threat 9177 | -6/Proximity Caves | Entered Factory 9177 | -6/Factory | Evolved 2 slots: Utility x2 9527 | -6/Factory | Search patrols dispatched 9877 | -6/Factory | Search patrols dispatched 9964 | -6/Factory | Build established: Gladiator 10060 | -6/Factory | Incoming investigation squad redirected 10093 | -6/Factory | Spotted B-75 Beast 10227 | -6/Factory | Search patrols dispatched 10319 | -6/Factory | System corruption reached 10% 10546 | -6/Factory | Sucked down chute 10546 | -6/Factory | Entered Waste 10547 | -6/Waste | Joined by Warlord forces that had cleared the area 10606 | -6/Waste | A Compactor rumbled back to life 10606 | -6/Waste | Allies destroyed C-40 Crusher 10634 | -6/Waste | Discovered new exit (range 17) 10696 | -6/Waste | Entered Factory 10696 | -6/Factory | Accompanied by 18 allies 10819 | -6/Factory | Fabricated Lrn. Sensor Array (x2) 10857 | -6/Factory | Incoming investigation squad redirected 10888 | -6/Factory | Garrison activated, responded to threat 10913 | -6/Factory | Build established: Hacker-Gladiator 10978 | -6/Factory | Lost 3 allies 10981 | -6/Factory | Identified exit to Garrison 10991 | -6/Factory | Fabricated Lgt. Regenerative Plating? 11102 | -6/Factory | Spotted B-75 Beast 11210 | -6/Factory | Discovered new exit (range 16) 11246 | -6/Factory | Garrison activated, responded to threat 11421 | -6/Factory | Cargo convoy interrupted 11452 | -6/Factory | Discovered new exit (range 10) 11457 | -6/Factory | Identified exit to Lower Caves 11464 | -6/Factory | Entered Lower Caves 11525 | -6/Lower Caves | Identified exit to Lower Caves 11549 | -6/Lower Caves | Learned location of Zion (-6) 11566 | -6/Lower Caves | Attacked by a delusional Derelict stockpiling Unaware 11607 | -6/Lower Caves | Entered another Lower Caves area 11607 | -6/Lower Caves | Accompanied by 3 allies 11656 | -6/Lower Caves | Encountered a Warlord checkpoint 11658 | -6/Lower Caves | Discovered new exit (range 7) 11661 | -6/Lower Caves | Identified exit to Factory 11724 | -6/Lower Caves | Learned location of 1 exit from Factory 11872 | -6/Lower Caves | Discovered new exit (range 11) 11890 | -6/Lower Caves | Identified exit to Zion 11913 | -6/Lower Caves | Entered Zion 11913 | -6/Zion | Accompanied by 3 allies 11935 | -6/Zion | Given A8's code to call for help 11965 | -6/Zion | System corruption cleaned by Quarantine Array 11984 | -6/Zion | Acquired unknown access codes intercepted by a Zionite 12190 | -6/Zion | Given the Hacking Drone Bay 12283 | -6/Zion | Found CR-A16's Pointy Stick 12306 | -6/Zion | Found Prototype Device 12307 | -6/Zion | Identified Mobile Refinery Mk. CCLXVII 12373 | -6/Zion | Identified exit to Deep Caves 12425 | -6/Zion | Discovered new exit (range 11) 12430 | -6/Zion | Identified exit to Proximity Caves 12506 | -6/Zion | Entered Proximity Caves 12506 | -5/Proximity Caves | Accompanied by 3 allies 13095 | -5/Proximity Caves | Learned Factory terminal intel 13119 | -5/Proximity Caves | Discovered exit to Factory (range 5) 13126 | -5/Proximity Caves | Entered Factory 13126 | -5/Factory | Evolved 2 slots: Propulsion x1, Utility x1 13127 | -5/Factory | Identified exit to Factory 13128 | -5/Factory | Loaded intel: 28 terminal locations 13157 | -5/Factory | Discovered new exit (range 10) 13530 | -5/Factory | Fabricated Adv. Hacking Suite? 13635 | -5/Factory | Lost 6 parts (1p2n1u2w) 13962 | -5/Factory | Discovered new exit (range 12) 13975 | -5/Factory | Central database locked down 14019 | -5/Factory | Incoming investigation squad redirected 14205 | -5/Factory | Identified exit to Upper Caves 14208 | -5/Factory | Lost 4 parts (3n1u) 14266 | -5/Factory | Discovered new exit (range 6) 14268 | -5/Factory | Identified exit to Extension 14275 | -5/Factory | Entered Extension 14295 | -5/Extension | Rescued a captive Derelict 14308 | -5/Extension | Rescued a captive Derelict 14309 | -5/Extension | Rescued a captive Derelict 14310 | -5/Extension | Rescued a captive Derelict 14313 | -5/Extension | Rescued a captive Derelict 14383 | -5/Extension | Rescued a captive Derelict 14405 | -5/Extension | Rescued a captive Derelict 14829 | -5/Extension | Spotted B-75 Beast 14850 | -5/Extension | Allies destroyed B-75 Beast 14862 | -5/Extension | Spotted B-75 Beast 14917 | -5/Extension | Destroyed B-75 Beast 14940 | -5/Extension | Lost 11 allies 15000 | -5/Extension | Disrupted transfer network 15139 | -5/Extension | Lost 3 parts (2n1u) 15272 | -5/Extension | Rescued a captive Derelict 15304 | -5/Extension | Rescued A7 15502 | -5/Extension | Build established: Scavenger-Gladiator 15811 | -5/Extension | Discovered exit to Factory (range 10) 15812 | -5/Extension | Discovered new exit (range 6) 15842 | -5/Extension | Identified exit to Cetus 15843 | -5/Extension | Entered Cetus 15843 | -5/Cetus | Accompanied by 8 allies (A7) 15848 | -5/Cetus | Acquired a Cetus Manufacturing Module code from A7 15862 | -5/Cetus | Spotted Cetus Guard 15864 | -5/Cetus | Spotted Cetus Guard 15865 | -5/Cetus | Spotted Cetus Guard 15865 | -5/Cetus | Spotted Cetus Guard 15876 | -5/Cetus | Allies destroyed Cetus Guard 15881 | -5/Cetus | Allies destroyed Cetus Guard 15882 | -5/Cetus | Allies destroyed Cetus Guard 15885 | -5/Cetus | Destroyed Cetus Guard 16015 | -5/Cetus | Started Cetus Manufacturing Module 16040 | -5/Cetus | Manufactured an Enhanced Grunt 16057 | -5/Cetus | Murdered A7 16065 | -5/Cetus | Manufactured an Enhanced Grunt 16069 | -5/Cetus | Extracted ID and sensor layout for unrecognized location from A7's data core 16075 | -5/Cetus | Found Prototype Protection 16075 | -5/Cetus | Identified Med. Regenerative Plating 16090 | -5/Cetus | Manufactured an Enhanced Grunt 16115 | -5/Cetus | Manufactured an Enhanced Grunt 16140 | -5/Cetus | Manufactured an Enhanced Grunt 16194 | -5/Cetus | Discovered new exit (range 15) 16216 | -5/Cetus | Identified exit to Archives 16235 | -5/Cetus | Entered Archives 16235 | -5/Archives | Accompanied by 10 allies 16306 | -5/Archives | Discovered exit to Factory (range 15) 16320 | -5/Archives | Lost 4 allies 16331 | -5/Archives | Unable to access archive contents 16416 | -5/Archives | Discovered new exit (range 16) 16429 | -5/Archives | Unable to access archive contents 16436 | -5/Archives | Discovered new exit (range 13) 16755 | -5/Archives | Unable to access archive contents 16766 | -5/Archives | Unable to access archive contents 16775 | -5/Archives | Found Prototype Device 16775 | -5/Archives | Identified Exp. Thermal Shield 16826 | -5/Archives | Entered Factory 16826 | -4/Factory | Accompanied by 6 allies 16826 | -4/Factory | Evolved 2 slots: Propulsion x1, Utility x1 16968 | -4/Factory | Fabricated Imp. Transmission Jammer (x2) 17136 | -4/Factory | Identified exit to Upper Caves 17295 | -4/Factory | Fabricated Cld. Gravmag System? 17482 | -4/Factory | Identified exit to Research 17494 | -4/Factory | Build established: Hacker-Scout 17653 | -4/Factory | Lost 3 parts (1p1n1u) 17655 | -4/Factory | Spotted B-86 Titan 17713 | -4/Factory | Entered Upper Caves 17729 | -4/Upper Caves | Lost 5 parts (1p3n1w) 17905 | -4/Upper Caves | Build established: Hacker-Gladiator 18014 | -4/Upper Caves | Lost 5 parts (1n1u3w) 18231 | -4/Upper Caves | Spotted B-86 Titan 18263 | -4/Upper Caves | Build established: Hacker-Mutant 18301 | -4/Upper Caves | Encountered a Warlord checkpoint 18356 | -4/Upper Caves | Learned 8 Research zone layouts 18376 | -4/Upper Caves | Learned Research terminal intel 18398 | -4/Upper Caves | Discovered new exit (range 5) 18400 | -4/Upper Caves | Identified exit to Upper Caves 18425 | -4/Upper Caves | Entered another Upper Caves area 18492 | -4/Upper Caves | Core integrity fell below 50% 18509 | -4/Upper Caves | System corruption reached 10% 18516 | -4/Upper Caves | Discovered exit to Research (range 12) 18535 | -4/Upper Caves | Lost 7 parts (2p3n1u1w) 18907 | -4/Upper Caves | Core integrity fell below 20% 18933 | -4/Upper Caves | Destroyed by H-77 Assassin with Coil Gun Last Messages --------------- 18916_ Slug penetrates Wall. 18916_ Penetrated by Slug. 18918_ Slug penetrates Wall. 18921_ Corrupted Coil Gun self-destruct mechanism malfunctions. 18921_ Slug penetrates Wall. 18921_ Penetrated by Slug. 18921_ Acquired Corrupted Myomer Leg. 18921_ Integrated Corrupted Myomer Leg (+1). 18922_ Slug penetrates Wall. 18924_ System corrupted: Matter fused (-9). 18927_ Slug penetrates Wall. 18928_ Acquired 14 matter. 18928_ Penetrated by Slug. 18928_ Slug penetrates Wall. 18930_ Acquired 5 matter. 18930_ Penetrated by Slug. 18930_ Slug penetrates Wall. 18931_ Penetrated by Slug. 18931_ Slug penetrates Wall. Map ----- +----------------------------------------------------+ | ?????## ##???######## ###?# | | ?????# ##???# #???# | | ?????# ########????# ####### #??# # | | ?????## ####????????# #?????# #??# ##### | | ??????## ##???????# #?????# #?# ##???? | | ???????# #######?# #?????# ## ##????? | | ???????# ## ### #?????# # ##?????? | | ???????# ## #?????#% # ###??????? | | ???????# ## ### ####### ## #?????????? | | ??????# #######?## #### ??????????? | | ?????# ##????????## #??##??????????? | | ?????######?????????## ##########??????????????? | | ???????????????????## ##?????###???????????????? | | ??????????????????## ####?? ????????????????? | | ???????????????#### ## ##? #????????????????? | | ???????????????# ## #????????????????? | | ???????????????# # #????????????????? | | ???????????????# ##???????????????? | | ???????????????# ## ##??????????????? | | ??????????????# #### #??????????????? | | ??????????????## #####??# # #??????????????? | | ???????????????## #???????# #? ##?????????????? | | ????????????????##????????# #? ????????????? | | ?????????????????????###??# ## #####???????????? | | ?????????????????????# ##### #?????????????????? | | ?????????????????????# @; #?????????????????? | | ?????????????????????# ###hh #?????????????????? | | ?????????????????????# ### ##????????????????? | | ?????????????????????##/ #?## #????????????????? | | ??????????????????????####?# #????????????????? | | ??????????????????????????# #???????????????? | | ?????????????????????????# ## ????????????? | | ?????????????????????????## #?# "" ?????????? | | ??????????????????????????# #??# ### ? ????????? | | ??????????????????????????# #???# ????????????? | | ?????????????????????????? ????# ##???????????? | | ?????????????????????????? ?????##????????????? | | ????????????????????????? ???????????????????? | | ????????????????????????? ???????????????????? | | ?????????????????????????#####???????????????????? | | ?????????????????????????????????????????????????? | | ?????????????????????????????????????????????????? | | ?????????????????????????????????????????????????? | | ?????????????????????????????????????????????????? | | ?????????????????????????????????????????????????? | | ?????????????????????????????????????????????????? | | ?????????????????????????????????????????????????? | | ?????????????????????????????????????????????????? | | ?????????????????????????????????????????????????? | | ?????????????????????????????????????????????????? | +----------------------------------------------------+ Best States ------------- Heat Dissipation 59 Energy Generation 35 Energy Capacity 350 Matter Stores 300 Matter Capacity 300 Sight Range 18 Robot Scan Range 18 Terrain Scan Range 16 Terrain Scan Density 210 Jamming Range 14 Cloak Strength 2 Armor Coverage 850 Resistance: KI 20 Resistance: TH 15 Resistance: EM 25 Propulsion Shielding 15 Melee Speed Boost 20 Evasion (%) 65 Targeting Accuracy 14 Melee Accuracy 16 Target Analysis 6 Armor Integrity Analysis 40 Recoil Reduction 5 Energy Filtering 50 Particle Charging 20 Offensive Hacking 38 Defensive Hacking 12 Item Schematics ----------------- Combat Drone Bay | -7/Data Miner | Free Lgt. Regenerative Plating | -7/Data Miner | Free Cld. Cesium-ion Thruster | -7/Data Miner | Free Exp. Utility Shielding | -7/Data Miner | Free Force Rifle | -7/Data Miner | Free Antigrav System | -7/Data Miner | Free Adv. Cooling System | -7/Data Miner | Free Imp. Remote Datajack | -7/Data Miner | Free Lrn. Tractor Beam | -7/Data Miner | Free Adv. Medium Treads | -7/Data Miner | Free Phase Cannon | -6/Zion | Archive Adv. Recoil Stabilizer | -6/Zion | Archive Imp. Medium Treads | -6/Zion | Archive Hvy. Phase Cannon | -6/Zion | Archive Adv. Sensor Array | -6/Zion | Archive Imp. Plasma Cutter | -6/Zion | Archive Imp. Cryofiber Web | -6/Zion | Archive Adv. Focal Shield | -6/Zion | Archive Myomer Leg | -6/Zion | Archive Power Amplifier | -6/Zion | Archive Field Propulsion Drive | -6/Zion | Archive HERF Cannon | -6/Zion | Archive Adv. Hacking Suite | -6/Zion | Archive Proton Cannon | -6/Zion | Archive Hvy. Machine Gun | -6/Zion | Archive Imp. Transmission Jammer | -6/Zion | Archive Adv. Melee Analysis Suite | -5/Factory | Hacked Imp. Reaction Control System | -5/Factory | Hacked Cld. Gravmag System | -5/Factory | Scanalyzed Imp. Grenade Launcher | -5/Factory | Scanalyzed Neutrino Core | -5/Factory | Scanalyzed Mak. Hacking Suite | -5/Factory | Scanalyzed Imp. Gyrokinetic Inverter | -4/Factory | Hacked Robot Schematics ------------------ W-25 Informer | -7/Data Miner | Free G-47 Trooper | -7/Data Miner | Free A-15 Conveyor | -7/Data Miner | Free M-22 Extractor | -7/Data Miner | Free T-07 Excavator | -6/Zion | Archive E-15 Imp | -6/Zion | Archive L-41 Fighter | -6/Zion | Archive Fabricated ------------ Lrn. Sensor Array | x2 | -6/Factory | Preloaded Lgt. Regenerative Plating | x1 | -6/Factory Adv. Hacking Suite | x1 | -5/Factory Imp. Transmission Jammer | x2 | -4/Factory Cld. Gravmag System | x1 | -4/Factory Repaired ---------- Nothing Alien Tech Used ----------------- None Achievements -------------- Collateral Damage Generalissimo Challenges ------------ None Game ------ Seed DeuteriumMiningWarhead Manual? 0 Play Time 04:49:50 Cumulative 98.9 hours Start 2025.06.07 @ 22:08:30 End 2025.06.08 @ 22:23:11 Sessions 3 Manual Loads 0 Difficulty Rogue Special Mode None Game No. 60 Rogue 60 Adventurer 0 Explorer 0 Win Type - Total 0 Types 0/0/0/0/0/0/0/0/0/0 Lore% 48 Gallery% 49 Achievement% 44 Wizard Run 0 Options --------- Layout 2 ASCII 0 Keyboard 0 Movement Numpad Keybinds 0 Fullscreen 0 Font 24/Proggy Map View 59x48 Zoom Use 0% Tactical HUD 1 Map Filters NONE Filters NONE Steam 1 RUN: 332d2458-8e93-408f-aea4-48b68a23a69b